[Event "ICC tourney 2394 (75 10)"]
[Site "Internet Chess Club"]
[Date "2021.02.20"]
[Round "1"]
[White "prostripe"]
[Black "sushanth777"]
[Result "0-1"]
[ICCResult "White checkmated"]
[WhiteElo "1246"]
[BlackElo "822"]
[Opening "Queen's pawn, Mason variation"]
[ECO "D00"]
[NIC "QP.08"]
[Time "11:02:58"]
[PlyCount "142"]
[TimeControl "4500+10"]

1. d4 d5 2. Bf4 Nf6 3. Nc3 e6 4. Nf3 c5 5. e3 a6 6. Be2 Be7 7. O-O O-O 8.
Ne5 cxd4 9. exd4 Bb4 10. Qd3 Nbd7 11. a3 Bd6 12. Nxf7 Rxf7 13. Bxd6 Nb6 14.
Be5 Nc4 15. Rab1 Nd6 16. Bf3 b5 17. Qe2 Nc4 18. Nd1 Nxe5 19. Qxe5 Qc7 20.
Qxc7 Rxc7 21. c3 Nd7 22. Ne3 Nb8 23. Ng4 Nc6 24. Rfe1 Bd7 25. Ne5 Nxe5 26.
Rxe5 Rac8 27. Bg4 Re8 28. f4 Kf7 29. Rbe1 Rc6 30. f5 exf5 31. Rxe8 Bxe8 32.
Bxf5 Rd6 33. Bd3 g6 34. h3 a5 35. g4 b4 36. Rf1+ Kg7 37. Re1 bxa3 38. bxa3
a4 39. Rxe8 Rc6 40. Re3 Rxc3 41. Kf2 Rxa3 42. Be2 Rxe3 43. Kxe3 a3 44. Bd1
a2 45. Bb3 a1=Q 46. Bxd5 Kf6 47. g5+ Kxg5 48. Ke4 Qa7 49. Bc4 Qe7+ 50. Kd3
Kf4 51. Bd5 Kg3 52. Kc4 Qd6 53. Bg8 Kxh3 54. Bxh7 g5 55. d5 g4 56. Bf5 Qf4+
57. Kc5 Qxf5 58. Kc6 g3 59. d6 g2 60. d7 Qxd7+ 61. Kxd7 g1=Q 62. Ke6 Qd4
63. Kf5 Qe3 64. Kg6 Qf4 65. Kg7 Qf5 66. Kg8 Qf6 67. Kh7 Qg5 68. Kh8 Kg4 69.
Kh7 Kf5 70. Kh8 Kf6 71. Kh7 Qg7# { White checkmated } 0-1

[Event "ICC tourney 2394 (75 10)"]
[Site "Internet Chess Club"]
[Date "2021.02.20"]
[Round "1"]
[White "amka03"]
[Black "dalvarezcates"]
[Result "0-1"]
[ICCResult "White checkmated"]
[WhiteElo "1023"]
[BlackElo "1358"]
[Opening "Sicilian"]
[ECO "B56"]
[NIC "SI.25"]
[Time "11:02:52"]
[PlyCount "142"]
[TimeControl "4500+10"]

1. e4 c5 2. Nf3 d6 3. d4 cxd4 4. Nxd4 Nf6 5. Nc3 Nc6 6. f3 e5 7. Nb3 Be6 8.
Be3 d5 9. exd5 Nxd5 10. Nxd5 Qxd5 11. Qxd5 Bxd5 12. O-O-O O-O-O 13. Kb1 Be7
14. Be2 b6 15. Rhg1 Kb7 16. c4 Be6 17. a3 h5 18. Rd2 g5 19. Rgd1 f5 20. g3
Rdf8 21. Nc1 f4 22. gxf4 gxf4 23. Bf2 Rhg8 24. Bf1 Na5 25. b4 Nc6 26. Na2
Rd8 27. Kb2 Bf6 28. Kc1 Nd4 29. Bxd4 Rxd4 30. Rxd4 exd4 31. Re1 Bf5 32. Kd2
Kc7 33. Nc1 Kd6 34. Nb3 Bh4 35. Re2 d3 36. Rg2 Rxg2+ 37. Bxg2 Bf2 38. Kd1
h4 39. h3 Ke5 40. Bf1 Be6 41. Bxd3 Bxh3 42. Ke2 Bg1 43. Nd2 Bg2 44. Nf1 h3
45. a4 Kd4 46. Bc2 Kxc4 47. b5 h2 48. Nxh2 Bxh2 49. Bd1 Bh3 50. Bc2 Kb4 51.
Kd2 Be6 52. Bd3 Bb3 53. a5 bxa5 54. Kc1 Bc4 55. Bxc4 Kxc4 56. Kb2 Kxb5 57.
Kb3 Bg1 58. Ka3 a4 59. Ka2 Bc5 60. Kb2 a3+ 61. Ka2 Kc4 62. Ka1 Kd3 63. Ka2
Ke3 64. Ka1 Kxf3 65. Kb1 Ke2 66. Kc1 f3 67. Kc2 f2 68. Kb3 f1=Q 69. Ka2
Qf7+ 70. Kb1 Qb3+ 71. Kc1 Be3# { White checkmated } 0-1

[Event "ICC tourney 2394 (75 10)"]
[Site "Internet Chess Club"]
[Date "2021.02.20"]
[Round "2"]
[White "ChessMaster346"]
[Black "kitook"]
[Result "0-1"]
[ICCResult "White checkmated"]
[WhiteElo "1016"]
[BlackElo "659"]
[Opening "Giuoco Piano"]
[ECO "C50"]
[NIC "IG.02"]
[Time "14:32:12"]
[PlyCount "64"]
[TimeControl "4500+10"]

1. e4 e5 2. Nf3 Nc6 3. Bc4 Bc5 4. Ng5 Qxg5 5. d4 Qxg2 6. Rf1 Qxe4+ 7. Be3
Bxd4 8. Qh5 d5 9. Nd2 Qxc2 10. Bxd5 g6 11. Qh4 Bxb2 12. Be4 Qc3 13. Rb1 Nb4
14. f4 f5 15. Bxf5 Qxe3+ 16. Kd1 Bc3 17. Rf2 Bxf5 18. fxe5 Bxb1 19. Nc4
Bc2+ 20. Rxc2 Qd3+ 21. Nd2 Qxc2+ 22. Ke2 Qxd2+ 23. Kf3 Rd8 24. Qf2 Rd3+ 25.
Kg2 Qg5+ 26. Qg3 Rxg3+ 27. hxg3 Bxe5 28. Kf3 Qxg3+ 29. Ke2 Nf6 30. a4 Ne4
31. a5 Qf2+ 32. Kd1 Qd2# { White checkmated } 0-1

[Event "ICC tourney 2394 (75 10)"]
[Site "Internet Chess Club"]
[Date "2021.02.20"]
[Round "2"]
[White "sstao17"]
[Black "salamenceg"]
[Result "0-1"]
[ICCResult "White checkmated"]
[WhiteElo "633"]
[BlackElo "1069"]
[Opening "Scotch game"]
[ECO "C45"]
[NIC "SO.05"]
[Time "14:32:14"]
[PlyCount "36"]
[TimeControl "4500+10"]

1. e4 e5 2. Nf3 Nc6 3. d4 exd4 4. Nxd4 Bc5 5. Nxc6 Qf6 6. f3 dxc6 7. Nc3
Qh4+ 8. g3 Qf6 9. Bf4 Ne7 10. Bxc7 Bg4 11. Bg2 O-O 12. h3 Be6 13. f4 Qg6
14. g4 f5 15. exf5 Bxf5 16. gxf5 Qxg2 17. Rf1 Qg3+ 18. Ke2 Qe3# { White
checkmated } 0-1

[Event "ICC tourney 2394 (75 10)"]
[Site "Internet Chess Club"]
[Date "2021.02.20"]
[Round "2"]
[White "drquinzel"]
[Black "prostripe"]
[Result "0-1"]
[ICCResult "White checkmated"]
[WhiteElo "704"]
[BlackElo "1246"]
[Opening "Caro-Kann: classical variation"]
[ECO "B18"]
[NIC "CK.10"]
[Time "14:32:18"]
[PlyCount "42"]
[TimeControl "4500+10"]

1. e4 c6 2. d4 d5 3. Nc3 dxe4 4. Nxe4 Bf5 5. f3 e6 6. Bf4 Nd7 7. Bd6 Bxe4
8. fxe4 Bxd6 9. e5 Bc7 10. Nf3 c5 11. Bb5 a6 12. Be2 cxd4 13. Nxd4 Qh4+ 14.
g3 Qe4 15. Rf1 Bxe5 16. c3 Bxd4 17. cxd4 Rc8 18. Rf4 Qh1+ 19. Bf1 Qxh2 20.
Qb3 Rc2 21. Qxb7 Qd2# { White checkmated } 0-1

[Event "ICC tourney 2394 (75 10)"]
[Site "Internet Chess Club"]
[Date "2021.02.20"]
[Round "2"]
[White "KasperH"]
[Black "evelynhuang"]
[Result "1-0"]
[ICCResult "Black checkmated"]
[WhiteElo "1077"]
[BlackElo "772"]
[Opening "Scandinavian defense"]
[ECO "B01"]
[NIC "SD.03"]
[Time "14:32:31"]
[PlyCount "67"]
[TimeControl "4500+10"]

1. e4 d5 2. exd5 Nf6 3. Nf3 Qxd5 4. Nc3 Qh5 5. Be2 Bg4 6. h3 Nc6 7. O-O Bd7
8. d4 Qg6 9. Nh4 O-O-O 10. Nxg6 hxg6 11. Bg5 e6 12. Bxf6 gxf6 13. Bf3 e5
14. d5 Nd4 15. Ne4 Bg7 16. c3 Nxf3+ 17. Qxf3 Bf5 18. Ng3 Bd7 19. Rfd1 Bb5
20. a4 Bc4 21. Rab1 Bb3 22. Rd2 Rd7 23. Ra1 Rhd8 24. Qg4 f5 25. Nxf5 gxf5
26. Qxg7 Bxd5 27. Qxe5 Be6 28. Rxd7 Rxd7 29. Qe1 Rd8 30. Rd1 Rg8 31. Qe3
Bb3 32. Rd2 Bxa4 33. Qxa7 Bc6 34. Qa8# { Black checkmated } 1-0

[Event "ICC tourney 2394 (75 10)"]
[Site "Internet Chess Club"]
[Date "2021.02.20"]
[Round "2"]
[White "vsmurthy"]
[Black "gmstuartscott"]
[Result "1-0"]
[ICCResult "Black checkmated"]
[WhiteElo "204"]
[BlackElo "981"]
[Opening "Four knights: Italian variation"]
[ECO "C55"]
[NIC "IG.01"]
[Time "14:32:47"]
[PlyCount "75"]
[TimeControl "4500+10"]

1. e4 e5 2. Nf3 Nc6 3. Bc4 Nf6 4. Nc3 Be7 5. Ng5 O-O 6. O-O d6 7. Re1 h6 8.
Nf3 a6 9. d4 Ng4 10. dxe5 Ngxe5 11. Nxe5 Nxe5 12. Qe2 b5 13. Bd5 Rb8 14.
Qe3 Be6 15. Bxe6 fxe6 16. Qg3 Nf7 17. Re3 Bg5 18. Rf3 Ne5 19. Rxf8+ Qxf8
20. Bxg5 hxg5 21. Qxg5 Nf7 22. Qg3 b4 23. Ne2 e5 24. Rd1 a5 25. Rd3 c5 26.
Qh4 c4 27. Rh3 Nh6 28. Ng3 a4 29. Nf5 b3 30. Nxh6+ gxh6 31. cxb3 a3 32.
bxa3 cxb3 33. axb3 Rc8 34. Rg3+ Kh7 35. h3 Rc1+ 36. Kh2 Qxf2 37. Qe7+ Kh8
38. Qg7# { Black checkmated } 1-0

[Event "ICC tourney 2394 (75 10)"]
[Site "Internet Chess Club"]
[Date "2021.02.20"]
[Round "2"]
[White "ggmurthy"]
[Black "amka03"]
[Result "0-1"]
[ICCResult "White checkmated"]
[WhiteElo "564"]
[BlackElo "1023"]
[Opening "Sicilian"]
[ECO "B56"]
[NIC "SI.25"]
[Time "14:32:20"]
[PlyCount "46"]
[TimeControl "4500+10"]

1. e4 c5 2. Nf3 Nc6 3. d4 cxd4 4. Nxd4 Nf6 5. Nc3 d6 6. f3 e5 7. Ndb5 a6 8.
Na3 Be6 9. Bc4 Be7 10. Bxe6 fxe6 11. Nc4 d5 12. exd5 exd5 13. Nd2 O-O 14.
O-O Bc5+ 15. Kh1 b5 16. Nb3 Bb6 17. a3 Qd6 18. Bg5 Rad8 19. Qd2 Bc7 20. f4
h6 21. Bxf6 Rxf6 22. fxe5 Qxe5 23. Rxf6 Qxh2# { White checkmated } 0-1

[Event "ICC tourney 2394 (75 10)"]
[Site "Internet Chess Club"]
[Date "2021.02.20"]
[Round "2"]
[White "nguyencaptures"]
[Black "kstao17"]
[Result "1-0"]
[ICCResult "Black resigns"]
[WhiteElo "1050"]
[BlackElo "721"]
[Opening "King's pawn game"]
[ECO "C50"]
[NIC "IG.03"]
[Time "14:32:13"]
[PlyCount "107"]
[TimeControl "4500+10"]

1. e4 e5 2. Nf3 Nc6 3. Bc4 h6 4. d4 exd4 5. Nxd4 Bb4+ 6. Nc3 Bxc3+ 7. bxc3
Nxd4 8. cxd4 d6 9. Bf4 Nf6 10. e5 dxe5 11. Bxe5 O-O 12. O-O c6 13. Re1 b5
14. Bb3 a5 15. a4 bxa4 16. Rxa4 Bd7 17. Rc4 Be6 18. Rc3 Bxb3 19. Rxb3 a4
20. Ra3 Nd7 21. Qg4 Nxe5 22. dxe5 Qc8 23. e6 fxe6 24. Qxe6+ Qxe6 25. Rxe6
Rfc8 26. Kf1 c5 27. Re4 Kf7 28. Rexa4 Rxa4 29. Rxa4 Ke6 30. Ke2 Kd5 31. c4+
Kd4 32. Kd2 Rf8 33. f3 Re8 34. Ra7 g5 35. Rh7 Re6 36. Rd7+ Kxc4 37. Rd3 Kb5
38. Rd5 Kb4 39. Rd3 c4 40. Rd4 Kb3 41. Re4 c3+ 42. Kc1 Rd6 43. Re1 c2 44.
Re3+ Ka2 45. Kxc2 Rc6+ 46. Rc3 Rxc3+ 47. Kxc3 Ka3 48. Kd4 Kb4 49. Ke4 Kc4
50. Kf5 Kd3 51. Kg6 g4 52. fxg4 Ke3 53. Kxh6 Kf4 54. g5 { Black resigns }
1-0

[Event "ICC tourney 2394 (75 10)"]
[Site "Internet Chess Club"]
[Date "2021.02.20"]
[Round "2"]
[White "auggie29"]
[Black "thanhcaptures"]
[Result "1-0"]
[ICCResult "Black checkmated"]
[WhiteElo "1306"]
[BlackElo "1130"]
[Opening "Ponziani: Jaenisch counter-attack"]
[ECO "C44"]
[NIC "KP.05"]
[Time "14:32:21"]
[PlyCount "113"]
[TimeControl "4500+10"]

1. e4 e5 2. Nf3 Nc6 3. c3 Nf6 4. d4 exd4 5. cxd4 d6 6. Bd3 Bg4 7. Be3 Be7
8. Nc3 O-O 9. h3 Bd7 10. Qd2 Nb4 11. h4 Bg4 12. O-O-O Bxf3 13. gxf3 Nh5 14.
Rdg1 g6 15. Bh6 Re8 16. f4 Nxd3+ 17. Qxd3 Ng7 18. h5 Bf6 19. hxg6 fxg6 20.
f5 g5 21. Nd5 c5 22. Nxf6+ Qxf6 23. Bxg5 Qxd4 24. Qxd4 cxd4 25. Bh6 Rac8+
26. Kb1 Rc7 27. f6 Rxe4 28. Rxg7+ Rxg7 29. fxg7 Re5 30. Rc1 Rc5 31. Rxc5
dxc5 32. Kc2 b6 33. Kd3 b5 34. b3 a5 35. a4 bxa4 36. bxa4 Kf7 37. Kc4 Kg8
38. Kxc5 d3 39. Kb5 d2 40. Bxd2 Kxg7 41. Kxa5 h5 42. Bf4 Kg6 43. Bg3 Kf5
44. Kb6 Ke4 45. a5 Kf3 46. a6 Kg2 47. a7 h4 48. Bxh4 Kg1 49. a8=Q Kh2 50.
Qg8 Kh1 51. f4 Kh2 52. f5 Kh1 53. f6 Kh2 54. f7 Kh1 55. f8=Q Kh2 56. Qg3+
Kh1 57. Qf1# { Black checkmated } 1-0

[Event "ICC tourney 2394 (75 10)"]
[Site "Internet Chess Club"]
[Date "2021.02.20"]
[Round "2"]
[White "Ldon22"]
[Black "solid7"]
[Result "0-1"]
[ICCResult "White checkmated"]
[WhiteElo "988"]
[BlackElo "1274"]
[Opening "Four knights: Spanish, classical defense"]
[ECO "C48"]
[NIC "KP.03"]
[Time "14:32:16"]
[PlyCount "46"]
[TimeControl "4500+10"]

1. e4 e5 2. Nf3 Nf6 3. Nc3 Nc6 4. Bb5 Bc5 5. Bxc6 dxc6 6. d3 O-O 7. Bg5 Re8
8. Qe2 Bd4 9. Nxd4 exd4 10. Nd1 Qd6 11. f4 Bg4 12. Qd2 Nxe4 13. dxe4 Rxe4+
14. Kf1 Re2 15. Qd3 h6 16. h3 Rae8 17. Nf2 R2e3 18. Qd2 Be2+ 19. Kg1 hxg5
20. fxg5 Qg3 21. Qxd4 Bf3 22. Rh2 Re1+ 23. Rxe1 Rxe1# { White checkmated }
0-1

[Event "ICC tourney 2394 (75 10)"]
[Site "Internet Chess Club"]
[Date "2021.02.20"]
[Round "2"]
[White "BlackBeltJ"]
[Black "MeLikeGame"]
[Result "0-1"]
[ICCResult "White checkmated"]
[WhiteElo "1180"]
[BlackElo "1341"]
[Opening "two knights defense: Wilkes Barre (Traxler) variation"]
[ECO "C57"]
[NIC "KP.01"]
[Time "14:32:11"]
[PlyCount "76"]
[TimeControl "4500+10"]

1. e4 e5 2. Nf3 Nc6 3. Bc4 Nf6 4. Ng5 Bc5 5. Nxf7 Bxf2+ 6. Kf1 Qe7 7. Nxh8
d5 8. exd5 Na5 9. d3 Bg4 10. Qd2 Nxc4 11. Qxf2 Nb6 12. c4 O-O-O 13. h3 Rf8
14. Kg1 Ne4 15. Qe3 Qf6 16. Qxe4 Qf2+ 17. Kh2 Bf3 18. Qxf3 Rxf3 19. Bd2 Rf8
20. Be1 Qf4+ 21. Bg3 Qf6 22. Nc3 Rxh8 23. Ne4 Qe7 24. Rae1 Nd7 25. Nf2 h5
26. d4 h4 27. Bxe5 Nxe5 28. Rxe5 Qf6 29. Nd3 Qg6 30. Rd1 Rf8 31. Nc5 b6 32.
Ne4 Rf4 33. Re1 Kb7 34. Re6 Qf5 35. d6 Rf1 36. d7 Qf4+ 37. g3 hxg3+ 38. Kg2
Qf3# { White checkmated } 0-1

[Event "ICC tourney 2394 (75 10)"]
[Site "Internet Chess Club"]
[Date "2021.02.20"]
[Round "2"]
[White "thihansa"]
[Black "VN10"]
[Result "1-0"]
[ICCResult "Black checkmated"]
[WhiteElo "1268"]
[BlackElo "1046"]
[Opening "Two knights defense (Modern bishop's opening)"]
[ECO "C55"]
[NIC "IG.01"]
[Time "14:32:19"]
[PlyCount "127"]
[TimeControl "4500+10"]

1. e4 e5 2. Nf3 Nc6 3. Bc4 Nf6 4. d3 d6 5. c3 Be7 6. Bb3 a6 7. Nbd2 O-O 8.
O-O Bg4 9. h3 Bh5 10. Re1 h6 11. Nf1 Nh7 12. Ng3 Bxf3 13. Qxf3 Nf6 14. Nf5
Kh7 15. Be3 Qd7 16. Nxe7 Nxe7 17. Qd1 Ng6 18. Bc2 c6 19. d4 exd4 20. Bxd4
Ne5 21. Bxe5 dxe5 22. Qxd7 Nxd7 23. Rad1 Nf6 24. g4 Kg6 25. Kg2 Rad8 26.
Kg3 Rxd1 27. Rxd1 Rh8 28. f4 Re8 29. fxe5 Rxe5 30. Kf4 Rb5 31. e5+ Ne4 32.
Bxe4+ f5 33. Bxf5+ Kf7 34. e6+ Kf6 35. Rd7 g5+ 36. Kf3 h5 37. e7 Re5 38. b3
hxg4+ 39. hxg4 Rxe7 40. Rxe7 Kxe7 41. Bc8 b5 42. Bxa6 Kd6 43. a4 bxa4 44.
bxa4 Kc5 45. Bd3 Kb6 46. Ke4 Ka5 47. Bc2 c5 48. Bb3 c4 49. Bxc4 Kxa4 50.
Kf5 Ka3 51. Kxg5 Kb2 52. Kf6 Kxc3 53. g5 Kxc4 54. g6 Kd5 55. g7 Kd6 56.
g8=Q Kd7 57. Qe6+ Kd8 58. Kf7 Kc7 59. Qd5 Kb8 60. Qd7 Ka8 61. Ke6 Kb8 62.
Kd6 Ka8 63. Kc6 Kb8 64. Qb7# { Black checkmated } 1-0

[Event "ICC tourney 2394 (75 10)"]
[Site "Internet Chess Club"]
[Date "2021.02.20"]
[Round "2"]
[White "Harshi28"]
[Black "oxdidi"]
[Result "1-0"]
[ICCResult "Black resigns"]
[WhiteElo "420"]
[BlackElo "993"]
[Opening "Scotch game"]
[ECO "C45"]
[NIC "SO.04"]
[Time "14:33:05"]
[PlyCount "57"]
[TimeControl "4500+10"]

1. e4 e5 2. Nf3 Nc6 3. d4 exd4 4. Nxd4 Nxd4 5. Qxd4 Nf6 6. Nc3 Bd6 7. Bc4
O-O 8. e5 Re8 9. Bf4 Bxe5 10. Bxe5 d6 11. O-O dxe5 12. Qe3 b6 13. Rad1 Qe7
14. Bd5 Nxd5 15. Nxd5 Qd6 16. Qc3 c5 17. Nf4 Qc6 18. Nd5 Bb7 19. Qg3 Rad8
20. c4 Rd7 21. Nf6+ Qxf6 22. Rxd7 Qe6 23. Rxb7 Qxc4 24. Rxa7 e4 25. Rb7
Qxa2 26. Rb8 Rf8 27. Rxb6 Qd5 28. Rd6 Qb3 29. Qxb3 { Black resigns } 1-0

[Event "ICC tourney 2394 (75 10)"]
[Site "Internet Chess Club"]
[Date "2021.02.20"]
[Round "2"]
[White "Maximusiv"]
[Black "nikhilramkumar"]
[Result "1-0"]
[ICCResult "Black resigns"]
[WhiteElo "932"]
[BlackElo "583"]
[Opening "Evans gambit"]
[ECO "C51"]
[NIC "IG.05"]
[Time "14:32:16"]
[PlyCount "62"]
[TimeControl "4500+10"]

1. e4 e5 2. Nf3 Nc6 3. Bc4 Bc5 4. b4 Bxb4 5. c3 Bc5 6. d4 exd4 7. O-O dxc3
8. Bxf7+ Kxf7 9. Qd5+ Kf8 10. Qxc5+ Nge7 11. Nxc3 Kf7 12. Ng5+ Kf8 13. Ba3
d6 14. Qc4 Ne5 15. Qb3 h6 16. Ne6+ Bxe6 17. Qxe6 Qd7 18. Qb3 c5 19. Rad1 c4
20. Qc2 Nd3 21. e5 Kf7 22. exd6 Nc6 23. Qa4 Rhf8 24. Qxc4+ Kg6 25. Qxd3+
Kf7 26. Qd5+ Kg6 27. Rd3 Kh7 28. Rg3 Rf5 29. Qd3 Kh8 30. Rf3 Ne5 31. Qxf5
Qxf5 { Black resigns } 1-0

[Event "ICC tourney 2394 (75 10)"]
[Site "Internet Chess Club"]
[Date "2021.02.20"]
[Round "2"]
[White "dalvarezcates"]
[Black "arjunsaravanan"]
[Result "1-0"]
[ICCResult "Black checkmated"]
[WhiteElo "1358"]
[BlackElo "1188"]
[Opening "Caro-Kann defense"]
[ECO "B15"]
[NIC "CK.05"]
[Time "14:32:24"]
[PlyCount "55"]
[TimeControl "4500+10"]

1. e4 c6 2. d4 d5 3. Nc3 e6 4. Nf3 Bb4 5. e5 c5 6. a3 Ba5 7. dxc5 Bxc3+ 8.
bxc3 Nc6 9. Be3 Nge7 10. Bd3 Ng6 11. Bd4 Qa5 12. Qd2 Bd7 13. O-O Rc8 14. h4
O-O 15. h5 Nge7 16. h6 g6 17. Qg5 f5 18. exf6 Nf5 19. g4 Nfxd4 20. cxd4 Be8
21. Nh4 Nxd4 22. Kg2 Qd8 23. Nxg6 hxg6 24. f7+ Bxf7 25. Qe5 Nf5 26. Bxf5
Qf6 27. Qxf6 Kh7 28. Qg7# { Black checkmated } 1-0

[Event "ICC tourney 2394 (75 10)"]
[Site "Internet Chess Club"]
[Date "2021.02.20"]
[Round "2"]
[White "Shashank8"]
[Black "DevajVadher"]
[Result "0-1"]
[ICCResult "White resigns"]
[WhiteElo "495"]
[BlackElo "913"]
[Opening "English: Carls' Bremen system"]
[ECO "A22"]
[NIC "EO.10"]
[Time "14:32:20"]
[PlyCount "60"]
[TimeControl "4500+10"]

1. c4 e5 2. Nc3 Nf6 3. g3 Bc5 4. Bg2 c6 5. Nf3 d6 6. d3 O-O 7. O-O Bf5 8.
Bd2 Nbd7 9. Bg5 h6 10. Bxf6 Nxf6 11. Nd2 d5 12. cxd5 cxd5 13. Qc2 Rc8 14.
Qb3 d4 15. Nce4 b6 16. Nxc5 bxc5 17. Nc4 Re8 18. e4 dxe3 19. fxe3 Qxd3 20.
Rxf5 Qxf5 21. Nd6 Qd7 22. Nxe8 Rxe8 23. Qc3 Qd6 24. Qc2 Rd8 25. Bf3 Qb6 26.
Rc1 c4 27. Qe2 e4 28. Bg2 Rd3 29. Rxc4 Rxe3 30. Rc6 Rxe2+ { White resigns }
0-1

[Event "ICC tourney 2394 (75 10)"]
[Site "Internet Chess Club"]
[Date "2021.02.20"]
[Round "2"]
[White "BotanicalKnight"]
[Black "oecooke"]
[Result "1-0"]
[ICCResult "Black checkmated"]
[WhiteElo "1386"]
[BlackElo "1022"]
[Opening "Sicilian: Grand Prix attack"]
[ECO "B23"]
[NIC "SI.44"]
[Time "14:32:27"]
[PlyCount "61"]
[TimeControl "4500+10"]

1. e4 c5 2. Nc3 Nc6 3. f4 g6 4. d3 Bg7 5. Nf3 Nd4 6. g3 Qb6 7. Bg2 d6 8. h3
Bd7 9. Nd5 Qc6 10. c3 Nxf3+ 11. Bxf3 O-O-O 12. Qe2 e5 13. g4 f6 14. Rb1 Be6
15. O-O h5 16. c4 f5 17. exf5 gxf5 18. Ne7+ Nxe7 19. Bxc6 Nxc6 20. g5 Nd4
21. Qg2 Rhg8 22. h4 Bh6 23. b4 d5 24. bxc5 Rg7 25. Be3 dxc4 26. Bxd4 Bd5
27. Qb2 exd4 28. dxc4 Bxc4 29. Rfe1 Rdd7 30. c6 bxc6 31. Qb8# { Black
checkmated } 1-0

[Event "ICC tourney 2394 (75 10)"]
[Site "Internet Chess Club"]
[Date "2021.02.20"]
[Round "2"]
[White "bshesh131"]
[Black "DanielGuan"]
[Result "1-0"]
[ICCResult "Black resigns"]
[WhiteElo "1033"]
[BlackElo "1286"]
[Opening "King's Indian: fianchetto with ...Nc6"]
[ECO "E62"]
[NIC "KI.72"]
[Time "14:32:13"]
[PlyCount "105"]
[TimeControl "4500+10"]

1. c4 Nf6 2. Nc3 g6 3. g3 Bg7 4. Bg2 O-O 5. d4 d6 6. Nf3 Nc6 7. O-O Bd7 8.
Re1 Qc8 9. d5 Nb8 10. e4 e5 11. Be3 Bh3 12. Ng5 Bxg2 13. Kxg2 h6 14. Nh3
Ng4 15. Bd2 h5 16. f3 Nf6 17. a3 Nbd7 18. Be3 a6 19. Rc1 Nb6 20. b4 Nxc4
21. Bd2 Nxa3 22. Qb3 Nb5 23. Nxb5 axb5 24. Qc2 Ne8 25. Ra1 Rxa1 26. Rxa1 f5
27. Ng5 fxe4 28. Qxe4 Nf6 29. Qxg6 Qe8 30. Qf5 c6 31. Ne6 Rf7 32. dxc6 bxc6
33. Nxg7 Kxg7 34. Qg5+ Kf8 35. Qh6+ Ke7 36. Bg5 Ke6 37. f4 Qf8 38. Qg6 Qg7
39. f5+ Kd5 40. Rd1+ Kc4 41. Qxg7 Rxg7 42. Bxf6 Rf7 43. Rxd6 Kxb4 44. Rxc6
e4 45. Kf2 Ra7 46. Be5 Ra2+ 47. Ke3 Rxh2 48. f6 Ra2 49. Bd6+ Kb3 50. f7 Ra1
51. f8=Q Re1+ 52. Kd2 Ra1 53. Qf7+ { Black resigns } 1-0

[Event "ICC tourney 2394 (75 10)"]
[Site "Internet Chess Club"]
[Date "2021.02.20"]
[Round "2"]
[White "srikarl99"]
[Black "Yeetamus123"]
[Result "0-1"]
[ICCResult "White checkmated"]
[WhiteElo "749"]
[BlackElo "1320"]
[Opening "Sicilian defense"]
[ECO "B30"]
[NIC "SI.31"]
[Time "14:32:26"]
[PlyCount "100"]
[TimeControl "4500+10"]

1. e4 c5 2. Nf3 Nc6 3. Bc4 g6 4. O-O Bg7 5. c3 e6 6. Re1 Nge7 7. d3 O-O 8.
Bg5 Re8 9. Nbd2 b6 10. Nb3 a6 11. d4 b5 12. Be2 c4 13. Nc1 d5 14. e5 Qc7
15. Qd2 Nf5 16. Bf1 Qb6 17. a3 Bb7 18. Nh4 a5 19. Nxf5 exf5 20. Na2 a4 21.
Bf6 Na5 22. Bxg7 Kxg7 23. Nb4 Nb3 24. Qc2 Nxa1 25. Rxa1 f6 26. exf6+ Qxf6
27. Qd2 Re7 28. Be2 Rae8 29. Bf3 Qe6 30. Nc2 h6 31. h3 Qd6 32. Ne3 f4 33.
Ng4 Bc8 34. Ne5 g5 35. Qc2 Re6 36. Bg4 Rf6 37. Bh5 Bf5 38. Qd2 Re7 39. Re1
Rfe6 40. Rd1 Qc7 41. Bg4 Bxg4 42. Nxg4 Re2 43. Qc1 R7e4 44. Ne5 Qc8 45. Qb1
Qe8 46. Rf1 h5 47. Rd1 g4 48. hxg4 hxg4 49. Nxg4 Re1+ 50. Kh2 Qh5# { White
checkmated } 0-1

[Event "ICC tourney 2394 (75 10)"]
[Site "Internet Chess Club"]
[Date "2021.02.20"]
[Round "2"]
[White "icywhit"]
[Black "grandmasted"]
[Result "1-0"]
[ICCResult "Black checkmated"]
[WhiteElo "1139"]
[BlackElo "827"]
[Opening "QGD: 3.Nc3"]
[ECO "D31"]
[NIC "QP.08"]
[Time "14:32:23"]
[PlyCount "135"]
[TimeControl "4500+10"]

1. d4 d5 2. c4 e6 3. Nc3 Bb4 4. Nf3 Nc6 5. Bf4 Nf6 6. e3 Ne4 7. Qc2 O-O 8.
Bd3 Nxc3 9. bxc3 Bd6 10. Bxd6 Qxd6 11. cxd5 exd5 12. Bxh7+ Kh8 13. Bf5 Re8
14. O-O Qf6 15. Bxc8 Raxc8 16. Rab1 b6 17. c4 dxc4 18. Qxc4 Na5 19. Qd5 Kg8
20. Rbc1 c6 21. Qg5 Qxg5 22. Nxg5 c5 23. dxc5 Rxc5 24. Rxc5 bxc5 25. Rd1 c4
26. Rd5 Rc8 27. Rd1 c3 28. Rc1 c2 29. Kf1 f6 30. Nf3 Rc3 31. Ke2 Nc4 32.
Nd4 Na3 33. Kd2 Rc4 34. Nxc2 Nxc2 35. Rxc2 Rh4 36. h3 g5 37. Rc8+ Kf7 38.
Rc7+ Ke6 39. Rxa7 g4 40. hxg4 Rh2 41. Ke2 Rxg2 42. Kf3 Rh2 43. Kg3 Rh1 44.
f4 Rg1+ 45. Kf3 Rf1+ 46. Kg2 Re1 47. Kf2 Rh1 48. a4 Rh4 49. Kg3 Rh8 50. a5
Kd6 51. Ra6+ Kc5 52. Rxf6 Kb5 53. a6 Ra8 54. g5 Rxa6 55. Rxa6 Kxa6 56. g6
Kb6 57. g7 Kc6 58. g8=Q Kc5 59. Qd8 Kc6 60. Kf3 Kc5 61. Ke4 Kc6 62. Qd5+
Kc7 63. Ke5 Kb6 64. Qc4 Kb7 65. Kd6 Kb6 66. Qb4+ Ka7 67. Kc7 Ka6 68. Qb6# {
Black checkmated } 1-0

[Event "ICC tourney 2394 (75 10)"]
[Site "Internet Chess Club"]
[Date "2021.02.20"]
[Round "2"]
[White "pkcl"]
[Black "GradyL"]
[Result "0-1"]
[ICCResult "White checkmated"]
[WhiteElo "1284"]
[BlackElo "1046"]
[Opening "Giuoco Piano"]
[ECO "C50"]
[NIC "IG.02"]
[Time "14:32:12"]
[PlyCount "94"]
[TimeControl "4500+10"]

1. e4 e5 2. Nf3 Nc6 3. Bc4 Bc5 4. O-O Nf6 5. d3 O-O 6. Nc3 d6 7. h3 a6 8.
Bg5 h6 9. Be3 Nd4 10. Bxd4 exd4 11. Ne2 d5 12. exd5 Nxd5 13. Nexd4 Nf4 14.
Ne2 Bd6 15. Nxf4 Bxf4 16. Re1 Qf6 17. Kh1 Qxb2 18. Rb1 Qf6 19. Bd5 c6 20.
Be4 b5 21. Qe2 Bd7 22. Qd1 Rfe8 23. Re2 Qc3 24. Qe1 Qxe1+ 25. Rbxe1 Rad8
26. Nh2 Bg5 27. Bf3 Rxe2 28. Rxe2 Re8 29. Rxe8+ Bxe8 30. Ng4 c5 31. Bb7 a5
32. Ne5 Bf6 33. Nc6 a4 34. Kg1 Bd7 35. Nb8 Be6 36. Bc6 Bxa2 37. Bxb5 a3 38.
Nc6 Bd5 39. Na5 a2 40. Nb3 Bxb3 41. cxb3 a1=Q+ 42. Kh2 Be5+ 43. g3 Qf1 44.
Bc4 Qxf2+ 45. Kh1 Bxg3 46. Bxf7+ Kxf7 47. b4 Qh2# { White checkmated } 0-1

[Event "ICC tourney 2394 (75 10)"]
[Site "Internet Chess Club"]
[Date "2021.02.20"]
[Round "2"]
[White "itg"]
[Black "iszerencsy"]
[Result "0-1"]
[ICCResult "White checkmated"]
[WhiteElo "881"]
[BlackElo "1371"]
[Opening "Sicilian defense"]
[ECO "B30"]
[NIC "SI.31"]
[Time "14:32:15"]
[PlyCount "50"]
[TimeControl "4500+10"]

1. e4 c5 2. Nf3 Nc6 3. Bc4 e6 4. O-O d5 5. exd5 exd5 6. Re1+ Be7 7. Bb5 Be6
8. d4 Nf6 9. Bf4 O-O 10. Ng5 Nxd4 11. Bd3 Bg4 12. f3 Bh5 13. c3 Nc6 14. Qc2
h6 15. Bh7+ Kh8 16. g4 hxg5 17. Bxg5 Nxh7 18. Bxe7 Nxe7 19. gxh5 Nc6 20. f4
Qh4 21. Re3 Rae8 22. Rf3 Re1+ 23. Rf1 Rfe8 24. Nd2 Qg4+ 25. Kf2 R8e2# {
White checkmated } 0-1